AoeStats
← lalopm9

Baltic

510593745Analyzed
4v4 RM · 11h ago on Oct 1, 2026· 90m 31s· 8 players
Game mode
Random Map
Map size
Large (8 player)
Population
200
Speed
Normal
Resources
Standard
Victory
Conquest
Starting age
Dark Age
Ending age
Imperial Age
RankedLock teamsTeams togetherTeam positionsShared explorationLock speedFull tech treeHidden civsTurbo modeCheats
Victory
Defeat
🇺🇸 Portuguese · United States
833
+13
🇨🇱 Tatars · Chile
810
+14
🇲🇽 Italians · Mexico
747
+16
🇲🇽 Spanish · Mexico
703
+18
🇩🇪 Bulgarians · Germany
770
-16
🇮🇳 Slavs · India
768
-16
🇮🇹 Spanish · Italy
744
-15
🇩🇪 Teutons · Germany
732
-14
Sg1Sga
0:32 Loom
12:39 Feudal Age
14:29 Horse Collar
14:37 Double-Bit Axe
19:39 Castle Age
17:53 Town Watch
20:08 Horse Collar
20:22 Pikeman
21:03 Squires
20:48 Gambesons
20:49 Arson
23:05 Wheelbarrow
22:53 Heavy Plow
24:27 Elite Skirmisher
25:59 Caravan
31:03 Hand Cart
33:42 Town Patrol
40:27 Imperial Age
38:41 Fortified Wall
38:52 Ballistics
39:05 Padded Archer Armor
38:55 Fletching
39:12 Scale Barding Armor
39:07 Scale Mail Armor
39:29 Bloodlines
39:48 Bow Saw
39:52 Gold Mining
39:54 Stone Mining
40:46 Heavy Mounted Crossbowman
43:06 Two-Man Saw
43:13 Chemistry
42:04 Guard Tower
42:17 Arrowslits
43:25 Crop Rotation
43:45 Cavalier
47:04 Halberdier
48:09 Chain Barding Armor
48:05 Chain Mail Armor
48:00 Forging
47:46 Bodkin Arrow
48:06 Leather Archer Armor
48:15 Bombard Tower
47:35 Paladin
51:17 Conscription
51:20 Ironclad
59:57 Onager
63:00 Capped Ram
81:40 Plate Barding Armor
81:36 Plate Mail Armor
81:50 Ring Archer Armor
81:55 Iron Casting
H.B.[2-1-6]V.C.
6:23 Loom
11:29 Feudal Age
19:15 Castle Age
17:05 Double-Bit Axe
17:04 Horse Collar
23:29 Wheelbarrow
22:47 Town Watch
23:27 Caravan
27:49 Fishing Lines
32:20 Imperial Age
30:16 Hand Cart
30:56 Gold Mining
30:57 Stone Mining
32:50 Forging
32:45 Scale Barding Armor
32:31 Fletching
34:49 Gold Shaft Mining
34:49 Stone Shaft Mining
34:20 Heavy Plow
34:34 Bow Saw
34:39 Elite Konnik
36:12 Ballistics
35:48 Murder Holes
35:59 Siege Engineers
36:05 Masonry
37:01 Conscription
38:20 Husbandry
38:30 Bloodlines
41:35 Crop Rotation
50:17 Stirrups
56:13 Architecture
60:23 Iron Casting
60:09 Chain Barding Armor
59:44 Bodkin Arrow
59:49 Padded Archer Armor
60:01 Heavy Scorpion
61:27 Elite Skirmisher
66:02 Chemistry
66:06 Blast Furnace
65:06 Scale Mail Armor
65:44 Plate Barding Armor
65:09 Bracer
65:25 Leather Archer Armor
alexgiaco98
0:28 Loom
13:01 Feudal Age
18:46 Double-Bit Axe
18:41 Horse Collar
23:41 Castle Age
22:21 Stone Mining
22:22 Gold Mining
24:47 Heavy Plow
25:41 Stone Shaft Mining
27:51 Bloodlines
27:42 Husbandry
29:52 Bow Saw
39:37 Imperial Age
39:17 Caravan
39:39 Cavalier
40:45 Conscription
40:54 Supremacy
42:12 Two-Man Saw
41:23 Elite Conquistador
44:20 Paladin
46:08 Scale Barding Armor
46:05 Padded Archer Armor
45:55 Fletching
47:52 Chain Barding Armor
Tyler.bhai
5:45 Loom
11:30 Feudal Age
19:58 Castle Age
17:58 Double-Bit Axe
19:59 Forging
20:47 Horse Collar
21:24 Fletching
33:28 Imperial Age
30:23 Elite Skirmisher
31:04 Bodkin Arrow
31:48 Wheelbarrow
35:31 Padded Archer Armor
36:35 Chemistry
42:10 Iron Casting
ROMA
0:27 Loom
12:34 Feudal Age
13:05 Double-Bit Axe
17:03 Wheelbarrow
18:05 Gold Mining
21:36 Castle Age
19:24 Fishing Lines
23:49 Bow Saw
24:03 Medium Warships
29:39 Forging
29:29 Scale Mail Armor
29:01 Pikeman
29:42 Squires
36:32 Imperial Age
36:13 Ballistics
36:05 Fortified Wall
40:53 Chemistry
51:28 Horse Collar
51:50 Arson
53:30 Caravan
54:00 Coinage
56:46 Conscription
59:12 Elite Genoese Crossbowman
59:46 Fletching
59:57 Padded Archer Armor
60:14 Chain Mail Armor
60:34 Iron Casting
61:52 Bodkin Arrow
62:12 Leather Archer Armor
62:28 Plate Mail Armor
62:55 Gillnets
70:58 Heavy Plow
81:54 Hand Cart
81:25 Town Watch
83:03 Blast Furnace
82:04 Bracer
82:34 Ring Archer Armor
82:10 Scale Barding Armor
82:54 Crop Rotation
83:57 Demolition Ship
lalopm9
7:06 Loom
17:30 Feudal Age
18:02 Double-Bit Axe
20:47 Wheelbarrow
19:54 Horse Collar
24:10 Stone Mining
27:29 Fishing Lines
30:54 Bloodlines
31:25 Scale Barding Armor
31:43 Gold Mining
34:31 Padded Archer Armor
38:17 Castle Age
40:04 Hand Cart
39:51 Heavy Plow
40:05 Bow Saw
40:35 Stone Shaft Mining
39:53 Gillnets
41:34 Chain Barding Armor
41:31 Leather Archer Armor
41:45 Light Cavalry
42:25 Husbandry
45:15 Ballistics
45:09 Thumb Ring
60:57 Imperial Age
61:39 Elite Conquistador
61:56 Hussar
63:24 Plate Barding Armor
63:19 Ring Archer Armor
64:03 Two-Man Saw
77:32 Chemistry
alejonone17
5:52 Loom
13:45 Feudal Age
15:05 Wheelbarrow
14:17 Double-Bit Axe
14:13 Horse Collar
15:45 Town Watch
21:02 Stone Mining
21:03 Gold Mining
24:48 Castle Age
29:07 Stone Shaft Mining
28:50 Hand Cart
29:07 Hand Cart
28:52 Town Patrol
29:26 Heavy Plow
29:39 Caravan
29:54 Bow Saw
32:53 Pikeman
33:26 Fletching
33:38 Scale Mail Armor
35:10 Elite Skirmisher
40:15 Imperial Age
37:53 Husbandry
37:41 Treadmill Crane
41:04 Ballistics
40:59 Careening
41:01 Clinker Construction
40:55 Circumnavigation
42:21 Elite Caravel
44:19 Medium Warships
45:11 Chemistry
43:42 Cavalier
43:44 Man-at-Arms
44:10 Gambesons
45:32 Forging
45:28 Scale Barding Armor
47:09 Iron Casting
46:49 Masonry
47:02 Ballistics
48:09 Crop Rotation
48:40 Two-Man Saw
47:51 Arquebus
47:34 Elite Cannon Galleon
50:52 Light Cavalry
51:42 Bloodlines
50:55 Halberdier
56:44 Elite Skirmisher
56:44 Crossbowman
57:30 Thumb Ring
58:31 Blast Furnace
57:52 Chain Barding Armor
57:23 Fletching
57:33 Padded Archer Armor
57:50 Chain Mail Armor
58:20 Coinage
58:00 Guilds
57:54 Arbalester
59:02 Dry Dock
59:02 Carvel Hull
58:48 Siphons
63:03 Elite Organ Gun
66:46 Plate Barding Armor
66:07 Bodkin Arrow
66:28 Leather Archer Armor
66:43 Plate Mail Armor
66:41 Bombard Tower
66:13 Heated Shot
66:56 Architecture
66:42 Fortified Wall
70:48 Bracer
71:18 Ring Archer Armor
70:57 Siege Engineers
70:47 Murder Holes
70:43 Guard Tower
70:32 Sappers
73:07 Banking
77:40 Conscription
79:24 Man-at-Arms
79:50 Gambesons
79:50 Arson
86:07 Long Swordsman
86:44 Two-Handed Swordsman
88:50 Champion
91:29 Keep
BlackDream
11:52 Feudal Age
16:42 Castle Age
15:35 Double-Bit Axe
20:28 Stone Mining
21:11 Bow Saw
20:52 Horse Collar
22:16 Wheelbarrow
24:12 Loom
25:03 Heavy Plow
25:17 Gold Mining
26:45 Gold Shaft Mining
27:37 Hand Cart
32:13 Imperial Age
30:03 Forging
31:28 Silk Armor
31:43 Bloodlines
31:34 Husbandry
30:55 Light Cavalry
32:16 Iron Casting
31:48 Scale Barding Armor
32:51 Hussar
34:11 Crop Rotation
33:59 Elite Keshik
35:01 Conscription
35:01 Timurid Siegecraft
35:24 Caravan
38:41 Blast Furnace
38:18 Chain Barding Armor
64:41 Plate Barding Armor
Connection lost

Rejoining the realm…

Still unreachable

The connection could not be restored.

Session expired

The server has moved on; the page needs a fresh start.